 Dungeon Crawl Stone Soup version 0.29-a0-369-gd956c00756 (webtiles) character file.

Game seed: 15492461011001043755

49 Antichthon the Shield-Bearer (level 3, -4/23 HPs)
             Began as a Gargoyle Fighter on May 2, 2022.
             Killed by divine providence
             ... invoked by an orc priest
              (12 damage)
             ... on level 2 of the Dungeon.
             The game lasted 00:01:43 (1315 turns).

Antichthon the Shield-Bearer (Gargoyle Fighter)     Turns: 1315, Time: 00:01:44

Health: -4/23      AC: 10    Str: 19    XL:     3   Next: 77%
Magic:  3/3        EV:  9    Int: 10    God:
Gold:   49         SH:  5    Dex:  9    Spells: 2/2 levels left

rFire   . . .      SeeInvis .   a - +0 flail (elec)
rCold   . . .      Faith    .   c - +1 buckler
rNeg    + . .      Spirit   .   b - +0 scale mail
rPois   ∞          Reflect  .   (no helmet)
rElec   +          Harm     .   (no cloak)
rCorr   .          Rampage  .   (no gloves)
Will    .....                   (no boots)
Stlth   ..........              (no amulet)
HPRegen 0.07/turn               (no ring)
MPRegen 0.08/turn               (no ring)

@: no status effects
A: sickness immunity, AC +3, negative energy resistance 1, electricity
resistance, torment resistance 1, petrification resistance
a: no special abilities


You were on level 2 of the Dungeon.
You visited 1 branch of the dungeon, and saw 2 of its levels.

You collected 49 gold pieces.

Inventory:

Hand Weapons
 a - a +0 flail of electrocution (weapon)
Armour
 b - a +0 scale mail (worn)
 c - a +1 buckler (worn)
Jewellery
 j - a +4 ring of protection
Scrolls
 k - 2 scrolls of enchant armour
Potions
 d - a potion of might
 e - a potion of brilliance {unknown}
 f - a potion of resistance
 g - a potion of ambrosia {unknown}
 h - a potion of lignification {unknown}
 i - a potion of experience {unknown}


   Skills:
 * Level 3.5 Fighting
 * Level 2.6 Maces & Flails
 * Level 3.7 Armour
 * Level 0.4 Dodging
 * Level 3.7 Shields
 * Level 0.8 Invocations


You had 2 spell levels left.
You didn't know any spells.
Your spell library contained the following spells:

 Spells                   Type           Power      Damage    Failure   Level
 Summon Small Mammal      Summ           0%         N/A       82%         1
 Call Canine Familiar     Summ           0%         N/A       99%         3
 Inner Flame              Hex/Fire       0%         N/A       99%         3
 Summon Guardian Golem    Hex/Summ       0%         N/A       99%         3
 Cause Fear               Hex            0%         N/A       100%        4
 Discord                  Hex            0%         N/A       100%        8


Dungeon Overview and Level Annotations

Branches:
Dungeon (2/15)

Altars:


Innate Abilities, Weirdness & Mutations

You are immune to sickness and miasma.
Your stone body is resilient. (AC +3)
You are immune to poison.
You resist negative energy. (rN+)
You are resistant to electric shocks. (rElec)
You are resistant to unholy torment.
You are immune to petrification.


Message History

You barely miss the adder.
The adder is moderately wounded.
The adder bites you but does no damage. The orc barely misses you.
The adder bites you but does no damage.
You sock the adder!
You kill the adder!
You block the orc's attack. The orc barely misses you.
You see here an adder corpse.
The orc hits you with a +0 trident.
You see here an adder corpse.
You hit the orc.
The orc is lightly wounded.
The orc closely misses you.
You hit the orc.
The orc is severely wounded.
The orc hits you with a +0 trident. You block the orc's attack.
You sock the orc! Lightning courses through the orc!
You kill the orc!
Things that are here:
a +0 trident; an orc corpse An orc comes into view.
It is wielding a +0 short sword.
An orc is nearby!
An orc priest comes into view. It is wielding a +0 war axe.
The orc priest shouts!
The orc priest miscasts a cantrip.
You sock the orc!
You kill the orc!
You see here a +0 short sword.
The orc priest calls down the wrath of Beogh upon you.
Beogh smites you!
Ouch! That really hurt!
You closely miss the orc priest. The orc priest barely misses you.
You barely miss the orc priest. The orc priest barely misses you.
The orc priest closely misses you.
You closely miss the orc priest. You block the orc priest's attack.
You barely miss the orc priest.
The orc priest mumbles some strange prayers to Beogh against you.
Beogh smites you!
Ouch! That really hurt!
You die...

#..# #†.# #).#
#..#
#############..#
#<.......†.....#
##############)#
#.# #@# #o# #.#
... ... ###.. ..
...


You could see an orc priest.

Vanquished Creatures
  An adder (D:2)
  2 orcs (D:2)
  2 endoplasms (D:1)
  2 giant cockroaches (D:1)
  4 goblins (D:1)
  5 hobgoblins (D:1)
  5 jackals (D:1)
  2 quokkas (D:1)
  4 ball pythons
  A bat (D:1)
  2 frilled lizards (D:1)
  3 kobolds (D:1)
  2 rats (D:1)
35 creatures vanquished.

Notes
Turn   | Place    | Note
-------+----------+-------------------------------------------
     0 | D:1      | Antichthon the Gargoyle Fighter began the quest for the
                  | Orb.
     0 | D:1      | Reached XP level 1. HP: 14/14 MP: 1/1
   177 | D:1      | Reached XP level 2. HP: 9/19 MP: 2/2
   762 | D:1      | Reached XP level 3. HP: 23/23 MP: 3/3
  1315 | D:2      | Killed from afar by an orc priest

Illustrated notes

Levels and vault maps discovered:
D:1:      heliophobic_arrival_battle_scene, layout_loops_ring,
          minmay_box_of_dots
D:2:      layout_basic, ebering_ecumenical_altar_mist

Action                   || total
-------------------------++-------
Melee: Flail             ||   107
  Use: Scroll            ||     5
Armor: Scale mail        ||    86
Dodge: Dodged            ||    74
Block: Buckler           ||    23

Table legend: (Time is in decaauts)
 A = Elapsed time spent in this place.
 B = Non-inter-level travel time spent in this place.
 C = Inter-level travel time spent in this place.
 D = Time resting spent in this place.
 E = Time spent auto-exploring this place.
 F = Levels seen in this place.
 G = Mean time per level.
                   A        B        C        D        E       F      G
               +--------+--------+--------+--------+--------+-----+--------+
         Total |   1349 |   1343 |      6 |      0 |   1052 |   2 |  674.5 |
       Dungeon |   1349 |   1343 |      6 |      0 |   1052 |   2 |  674.5 |
               +--------+--------+--------+--------+--------+-----+--------+

Top non-repeatable levels by time:
     D:1: 1260 daAuts
     D:2: 89 daAuts
